Map: Abyssal Reef LE

Players

Serral - Winner!

  • Race: Zerg Zerg
  • Spawn Location: 5:00

MaNa

  • Race: Protoss Protoss
  • Spawn Location: 11:00

Event: WCS Montreal 2017

VOD

Have the link to the VOD?

Description

Time

  • Played on: Sept. 9, 2017, 1:10 p.m.
  • Length: 15:13

All games in this series

Show
View Real Time Build Order
Export as new Build Order

Serral Zerg - Winner!

Build Orders: Pool First, Lurkers 

Get SALT Encoding   

  12  0:00  Drone  
  13  0:13  Overlord  
  13  0:17  Drone  
  14  0:31  Drone x2  
  14  0:35  Drone  
  17  0:46  Spawning Pool  
  17  0:48  Drone  
  17  1:09  Hatchery  
  16  1:12  Drone  
  16  1:13  Extractor  
  16  1:17  Drone  
  17  1:20  Drone  
  18  1:32  Queen  
  18  1:34  Zergling x2  
  21  1:40  Drone  
  22  1:50  Overlord  
  22  2:08  Queen  
  22  2:09  Zergling x2  
  22  2:11  Drone  
  22  2:14  Metabolic Boost  
  26  2:21  Drone  
  27  2:23  Drone  
  28  2:33  Drone  
  28  2:34  Drone  
  30  2:43  Hatchery  
  29  2:46  Overlord  
  29  2:48  Drone  
  30  2:52  Drone x2  
  32  2:59  Queen  
  32  3:03  Drone  
  32  3:05  Drone  
  36  3:07  Drone  
  36  3:09  Drone  
  38  3:13  Drone  
  38  3:14  Drone  
  38  3:18  Overlord  
  40  3:23  Drone  
  40  3:24  Drone  
  40  3:25  Drone  
  40  3:27  Drone  
  43  3:30  Spore Crawler  
  43  3:33  Drone  
  43  3:36  Spore Crawler  
  41  3:43  Queen  
  41  3:47  Zergling x4  
  45  3:50  Overlord, Drone x2  
  45  3:53  Drone  
  45  3:55  Evolution Chamber  
  47  3:56  Drone  
  47  4:01  Queen  
  50  4:03  Drone  
  50  4:06  Drone x2  
  50  4:08  Drone  
  53  4:12  Overlord  
  53  4:15  Drone x2  
  55  4:18  Overlord  
  55  4:19  Drone  
  55  4:23  Zerg Melee Weapons Level 1  
  56  4:25  Drone  
  56  4:26  Drone  
  56  4:28  Spore Crawler  
  57  4:31  Zergling x2  
  57  4:32  Zergling x2  
  57  4:33  Drone  
  57  4:36  Drone x2  
  62  4:40  Drone x2  
  62  4:44  Overlord  
  62  4:45  Drone  
  65  4:48  Overlord  
  65  4:49  Drone  
  66  4:53  Drone  
  66  4:57  Hatchery  
  66  5:00  Overlord  
  66  5:03  Extractor, Drone x2  
  66  5:04  Extractor x2  
  66  5:06  Lair  
  65  5:08  Drone  
  65  5:10  Drone x2  
  65  5:13  Queen  
  70  5:15  Drone  
  70  5:21  Drone x2  
  70  5:23  Spore Crawler, Drone x2  
  70  5:25  Drone  
  70  5:27  Drone  
  70  5:28  Drone  
  74  5:30  Drone x3  
  74  5:35  Drone x2  
  79  5:36  Overlord  
  79  5:41  Drone x2  
  81  5:43  Drone x2  
  81  5:46  Extractor  
  82  5:55  Queen  
  82  5:58  Drone x3  
  82  6:02  Queen  
  83  6:05  Hydralisk Den, Drone x4  
  83  6:06  Drone x2  
  83  6:11  Hydralisk Den, Drone x2  
  84  6:13  Drone x2  
  84  6:18  Zerg Missile Weapons Level 1  
  84  6:19  Queen  
  84  6:20  Drone x2  
  84  6:21  Extractor  
  84  6:22  Drone  
  84  6:23  Drone  
  84  6:25  Spore Crawler  
  88  6:28  Spore Crawler  
  88  6:29  Drone x2  
  88  6:31  Drone x2  
  88  6:32  Drone  
  90  6:36  Queen  
  90  6:38  Queen  
  93  6:43  Drone x4  
  93  6:46  Muscular Augments  
  89  6:55  Lurker Den  
  89  6:56  Drone x4  
  93  7:02  Drone  
  93  7:03  Drone x2  
  93  7:06  Spore Crawler  
  93  7:07  Queen  
  93  7:08  Queen, Extractor  
  98  7:09  Extractor  
  98  7:14  Spore Crawler  
  96  7:18  Drone  
  96  7:19  Spore Crawler, Drone x4  
  96  7:22  Overlord  
  100  7:23  Spore Crawler, Overlord  
  100  7:26  Overlord x2  
  99  7:34  Spore Crawler  
  98  7:37  Hydralisk  
  98  7:38  Hydralisk x2  
  104  7:46  Spore Crawler  
  104  7:47  Drone x2, Hydralisk x3  
  104  7:48  Hydralisk x2  
  104  7:51  Queen  
  119  8:00  Queen x2  
  119  8:02  Hydralisk x3  
  127  8:08  Overlord x3  
  127  8:14  Hydralisk x2  
  127  8:15  Hydralisk x2  
  135  8:20  Zerg Missile Weapons Level 2  
  135  8:25  Overlord x3  
  135  8:31  Lurker x6  
  135  8:32  Lurker x2  
  143  8:35  Hydralisk  
  143  8:36  Hydralisk  
  147  8:45  Hydralisk x5  
  155  8:53  Hydralisk x4  
  163  8:59  Lurker x3  
  165  9:04  Overlord  
  165  9:05  Overlord x2  
  165  9:09  Drone x2  
  167  9:11  Spore Crawler x2  
  167  9:12  Drone x2  
  167  9:13  Spore Crawler x2  
  167  9:15  Hydralisk x2  
  169  9:22  Hydralisk x4  
  152  9:35  Hydralisk  
  152  9:36  Hydralisk x6  
  150  9:42  Hydralisk  
  150  9:43  Hydralisk x2  
  150  9:56  Hydralisk  
  150  9:57  Hydralisk x7  
  165  10:07  Hydralisk x2  
  165  10:08  Hydralisk x3  
  172  10:18  Hydralisk x5  
  172  10:21  Lurker  
  180  10:22  Lurker  
  181  10:33  Hydralisk x4  
  181  10:34  Hydralisk  
  187  10:46  Hydralisk x6  
  185  10:53  Hatchery  
  176  10:58  Hydralisk x6  
  188  11:08  Infestation Pit  
  187  11:11  Hydralisk  
  187  11:12  Hydralisk x3  
  195  11:20  Hydralisk x2  
  199  11:37  Spore Crawler  
  184  11:56  Hydralisk  
  184  11:57  Hydralisk x5  
  160  12:09  Hydralisk  
  160  12:10  Hydralisk x10  
  163  12:17  Drone x3  
  163  12:18  Queen  
  162  12:23  Hydralisk x3  
  162  12:24  Hydralisk x6  
  180  12:33  Lurker  
  181  12:37  Drone x2  
  181  12:38  Hydralisk x2  
  181  12:39  Zergling x2, Hydralisk  
  181  12:40  Zergling x6  
  193  12:47  Hydralisk x2  
  193  12:48  Hydralisk  
  193  12:49  Spore Crawler  
  198  12:55  Overseer  
  198  12:57  Drone  
  199  13:02  Zerg Ground Armor Level 1  
  197  13:07  Hive  
  197  13:10  Evolution Chamber  
  197  13:11  Drone  
  161  13:22  Hydralisk  
  161  13:23  Hydralisk x8  
  166  13:33  Infestor  
  166  13:34  Infestor  
  168  13:35  Zergling x2  
  168  13:36  Zergling x12  
  177  13:44  Extractor  
  177  13:45  Extractor  
  175  13:50  Burrow, Hydralisk x4  
  183  14:00  Zergling x14  
  168  14:10  Lurker x2  
  168  14:11  Lurker x2  
  168  14:13  Queen  
  168  14:16  Lurker x2  
  176  14:20  Queen x2  
  176  14:21  Queen  
  182  14:31  Hydralisk x3  
  182  14:33  Hydralisk  
Show
View Real Time Build Order
Export as new Build Order

MaNa Protoss 

Build Orders: 1 Gate Expand, Oracle Opening 

Get SALT Encoding   

  12  0:00  Probe (Chrono Boost)  
  13  0:11  Probe (Chrono Boost)  
  14  0:18  Pylon  
  14  0:22  Probe (Chrono Boost)  
  15  0:37  Probe (Chrono Boost)  
  15  0:40  Gateway  
  16  0:47  Probe (Chrono Boost)  
  16  0:49  Assimilator  
  17  0:58  Probe (Chrono Boost)  
  18  1:08  Probe (Chrono Boost)  
  19  1:19  Probe (Chrono Boost)  
  20  1:25  Nexus  
  20  1:37  Cybernetics Core  
  20  1:39  Probe (Chrono Boost)  
  21  1:46  Assimilator  
  21  1:50  Probe (Chrono Boost)  
  22  1:56  Pylon  
  22  2:00  Probe (Chrono Boost)  
  23  2:14  Probe, Adept (Chrono Boost)  
  26  2:19  Stargate  
  26  2:26  Probe  
  26  2:29  Warp Gate  
  27  2:37  Adept (Chrono Boost)  
  27  2:38  Probe (Chrono Boost)  
  27  2:39  Probe (Chrono Boost)  
  31  2:50  Probe (Chrono Boost)  
  31  2:51  Probe (Chrono Boost)  
  32  3:00  Probe (Chrono Boost)  
  32  3:01  Probe (Chrono Boost), Oracle (Chrono Boost)  
  37  3:11  Probe (Chrono Boost)  
  37  3:12  Probe (Chrono Boost)  
  39  3:16  Pylon  
  39  3:21  Probe (Chrono Boost)  
  39  3:22  Probe (Chrono Boost)  
  41  3:30  Probe  
  41  3:33  Probe  
  43  3:37  Void Ray (Chrono Boost)  
  43  3:41  Probe  
  47  3:45  Probe  
  47  3:51  Assimilator, Probe  
  47  3:52  Assimilator  
  48  3:56  Stargate  
  48  3:58  Probe  
  48  4:00  Pylon  
  48  4:02  Probe  
  49  4:09  Pylon  
  50  4:10  Probe (Chrono Boost)  
  50  4:13  Probe (Chrono Boost)  
  52  4:20  Oracle (Chrono Boost)  
  52  4:22  Probe (Chrono Boost)  
  56  4:25  Probe (Chrono Boost)  
  57  4:32  Probe (Chrono Boost), Adept  
  57  4:35  Probe (Chrono Boost)  
  61  4:38  Nexus  
  61  4:39  Oracle (Chrono Boost)  
  61  4:43  Probe  
  65  4:46  Probe  
  65  4:47  Pylon  
  66  4:56  Adept  
  68  5:00  Pylon  
  68  5:01  Mothership Core  
  68  5:06  Probe, Oracle (Chrono Boost)  
  74  5:11  Gateway  
  74  5:15  Oracle (Chrono Boost)  
  74  5:18  Probe  
  78  5:22  Probe  
  79  5:30  Probe  
  79  5:35  Forge, Gateway  
  80  5:36  Gateway  
  80  5:37  Oracle (Chrono Boost)  
  80  5:38  Probe  
  80  5:42  Probe  
  85  5:53  Probe  
  85  5:54  Oracle (Chrono Boost)  
  89  5:58  Probe  
  89  5:59  Probe  
  91  6:05  Probe  
  91  6:09  Probe  
  91  6:10  Probe  
  87  6:15  Oracle (Chrono Boost)  
  87  6:17  Probe  
  87  6:18  Assimilator  
  91  6:19  Assimilator  
  91  6:22  Probe  
  91  6:23  Nexus  
  91  6:24  Stargate  
  91  6:25  Stargate  
  91  6:38  Oracle (Chrono Boost)  
  91  6:39  Probe x2  
  95  6:41  Probe, Zealot x2  
  100  6:51  Probe x2  
  100  6:52  Probe  
  100  6:58  Pylon  
  100  7:00  Pylon  
  100  7:02  Pylon  
  100  7:03  Probe  
  100  7:07  Protoss Ground Weapons Level 1  
  100  7:08  Twilight Council, Pylon  
  101  7:11  Pylon  
  101  7:12  Pylon  
  101  7:16  Probe x2, Oracle (Chrono Boost)  
  101  7:17  Probe  
  101  7:19  Oracle (Chrono Boost)  
  101  7:20  Assimilator  
  113  7:22  Oracle (Chrono Boost)  
  113  7:24  Pylon  
  113  7:25  Assimilator  
  113  7:28  Oracle (Chrono Boost)  
  116  7:35  Probe  
  116  7:36  Probe x3  
  120  7:48  Oracle (Chrono Boost)  
  120  7:51  Probe, Zealot x3  
  129  7:53  Probe x3  
  129  7:55  Oracle (Chrono Boost)  
  129  7:57  Oracle (Chrono Boost)  
  139  8:06  Oracle (Chrono Boost)  
  139  8:19  Oracle (Chrono Boost)  
  142  8:21  Stargate  
  142  8:26  Gateway  
  142  8:27  Gateway  
  142  8:29  Gateway  
  142  8:30  Zealot x4  
  142  8:31  Pylon  
  142  8:33  Oracle (Chrono Boost)  
  153  8:46  Oracle (Chrono Boost)  
  153  8:47  Oracle (Chrono Boost)  
  156  8:48  Oracle (Chrono Boost)  
  159  8:58  Zealot x4  
  159  8:59  Gateway  
  167  9:04  Oracle (Chrono Boost)  
  167  9:07  Oracle (Chrono Boost)  
  173  9:11  Charge (Chrono Boost)  
  173  9:13  Oracle  
  173  9:15  Oracle  
  178  9:29  Oracle  
  151  9:39  Oracle  
  151  9:41  Zealot x4  
  151  9:42  Oracle  
  151  9:44  Oracle  
  159  9:53  Oracle  
  159  9:59  Nexus  
  160  10:01  Gateway  
  160  10:05  Gateway, Oracle  
  149  10:14  Oracle  
  149  10:16  Oracle  
  149  10:19  Zealot x7  
  149  10:20  Oracle  
  169  10:24  Oracle  
  169  10:35  Pylon  
  172  10:37  Pylon  
  172  10:39  Pylon  
  169  10:44  Oracle  
  169  10:47  Zealot x5  
  169  10:48  Oracle  
  163  10:53  Oracle  
  163  10:56  Oracle  
  163  11:01  Oracle  
  169  11:09  Zealot x4  
  174  11:20  Oracle  
  177  11:30  Pylon x2  
  177  11:32  Pylon x2  
  177  11:34  Pylon  
  177  11:35  Pylon  
  176  11:43  Oracle  
  176  11:45  Nexus  
  172  11:51  Zealot x9  
  130  12:15  Oracle  
  119  12:18  Zealot x8  
  119  12:19  Zealot, Oracle  
  119  12:20  Oracle  
  140  12:34  Oracle x2  
  142  12:46  Oracle  
  141  12:51  Oracle  
  141  12:55  Oracle  
  150  13:05  Zealot x3  
  152  13:06  Zealot x3  
  161  13:18  Oracle x2  
  159  13:21  Oracle  
  159  13:22  Oracle  
  145  13:31  Oracle  
  151  13:48  Zealot  
  151  13:49  Zealot x4  
  157  14:03  Oracle x2  
  157  14:08  Oracle x3  
  148  14:19  Assimilator  
  148  14:20  Assimilator  
  148  14:25  Zealot x2  
  148  14:26  Zealot x2  
  156  14:34  Oracle  
  157  14:50  Zealot x2  
Tags
 
Add a new tag
Caveats
  • Supply blocks, unpowered buildings, or Contaminate may cause inaccurate times.
  • Supply counts are checked every 10 seconds.